kill me plz, neutral male human Barbarian -- ---.-- ----- ------ |....| -...-- ---.|..| ---...-- .<...--------..^...| |....-- ........--..%...|.-- |.--.|---- ..........- --- --....|...| ........- --.........| .......-------- |....---.--- .....[.%......---|-...| --- ..-------....--..--- . --.e.....-- ---........--- |............--- |..............| ---............-- -----......a..| --..|.--@-- --------- kill me plz the Bandit Experience level: 8 Strength: 17 Dexterity: 18 Constitution: 18 Intelligence: 7 Wisdom: 9 Charisma: 7 Health: 0(93) Energy: 18(18) Def: 8 Gold: 1235 Moves: 5164 Dungeon seed: CIak7u3MCjWnFtAc Game ID: kill me plz_1510264645 Your Inventory: Coins $ - 1235 gold pieces Weapons a - a +0 two-handed sword (weapon in hands) Armor e - an uncursed +0 dwarvish mithril-coat (being worn) n - an uncursed +0 dwarvish cloak (being worn) z - an uncursed +0 pair of iron shoes (being worn) Comestibles j - an uncursed tin of gecko meat l - 3 uncursed eggs F - an uncursed sprig of wolfsbane T - an uncursed tin of spinach Scrolls m - an uncursed scroll of confuse monster y - an uncursed scroll of teleportation B - a blessed scroll of enchant weapon G - 3 uncursed scrolls of blank paper I - an uncursed scroll of enchant weapon P - an uncursed scroll of punishment W - an uncursed scroll of identify Potions g - an uncursed potion of monster detection C - a blessed potion of extra healing H - an uncursed potion of blindness K - 2 uncursed potions of extra healing Rings Q - an uncursed ring of slow digestion (on left hand) Wands u - a wand of create monster (0:11) D - a wand of create monster (0:13) X - a wand of digging (0:6) Tools p - 18 uncursed partly used tallow candles (0:195) t - an uncursed blindfold x - an uncursed mirror M - an uncursed tin whistle O - 14 uncursed tallow candles (0:200) U - an uncursed oil lamp (lit) (0:1101) V - a blessed oil lamp (0:1068) Y - 4 blessed wax candles (0:400) Spells and supernatural/magical abilities: Name Level Category Fail Memory W - pray for help -- divine ? -- Your skills at the end: Fighting Skills bare handed combat [Basic] Weapon Skills axe [Basic] two-handed sword [Expert] Spellcasting Skills Final Attributes: You were piously aligned. You were poison resistant. You were telepathic. You had slower digestion. You were fast. You are dead. Vanquished creatures: a giant mimic a large mimic 2 small mimics a giant beetle a wolf 2 brown puddings a werewolf 2 blue jellies a soldier ant 8 bugbears a quasit an Uruk-hai an orc shaman a fog cloud a yellow light 2 shriekers a violet fungus 11 gnome lords 3 gnomish wizards a gray ooze a straw golem a paper golem 2 floating eyes 11 dwarves a homunculus a kobold lord a centipede a giant bat 2 iguanas a coyote a gas spore 2 hobbits 6 manes 2 large kobolds 5 hobgoblins a giant rat 33 gnomes a gnome zombie 4 geckos 5 jackals 2 foxes 3 kobolds 4 goblins 6 sewer rats 4 grid bugs a bat 3 lichens 2 kobold zombies 3 newts 153 creatures vanquished. Voluntary challenges: You had been an atheist until turn 4592. You used a wielded weapon 217 times, starting on turn 1. You read items or engraved 4 times, starting on turn 533. You never genocided any monsters. You never polymorphed an object. You never changed form. You used no wishes. You split 1 pudding, starting on turn 3411. You wrote Elbereth's name 1 time, starting on turn 1370. You never violated your personal moral code. Dungeon overview: The Dungeons of Doom: levels 1 to 7 Level 1 a long staircase Level 2 an armor shop Level 3 a general store, a fountain stairs to The Gnomish Mines Level 4 Level 5 a sink Level 6 a sink Level 7 The Gnomish Mines: levels 4 to 8 Level 4 stairs to The Dungeons of Doom Level 5 Level 6 Level 7 many shops, a temple to Mitra, some fountains Level 8 <- You were here History has recorded: On T:1 you entered the Dungeons of Doom to retrieve the Amulet of Yendor! On T:41 you reached level 2 of The Dungeons of Doom. On T:444 you reached level 3 of The Dungeons of Doom. On T:572 you advanced to experience level 2. On T:631 you advanced to experience level 3. On T:688 you reached level 1 of The Gnomish Mines. On T:984 you advanced to experience level 4. On T:1269 you reached level 4 of The Dungeons of Doom. On T:1298 you advanced to experience level 5. On T:1499 you reached level 5 of The Dungeons of Doom. On T:1737 you reached level 6 of The Dungeons of Doom. On T:2060 you advanced to experience level 6. On T:2970 you reached level 7 of The Dungeons of Doom. On T:3434 you advanced to experience level 7. On T:3795 you reached level 2 of The Gnomish Mines. On T:4086 you reached level 3 of The Gnomish Mines. On T:4483 you reached level 4 of The Gnomish Mines. On T:5005 you reached level 5 of The Gnomish Mines. On T:5054 you advanced to experience level 8. Score breakdown: Gold: 1235 (10517 points) Experience: 8 levels (14739 points) Exploration: 8 levels ( 16.33%) (11456 points) Discoveries: 10 items ( 4.07%) ( 6048 points) Valuables value: (no points given unless you survive) Artifact value: 0 ( 0 points) Variety of kills: 49 monsters ( 12.86%) (10758 points) Turncount: 5164 turns (-1402 points) Survival: died (score multiplied by 80%) Total score: 41692 Latest messages: The soldier ant misses. The soldier ant bites! The soldier ant just misses! The rope golem misses. (2x) You are being choked. You pull free from the rope golem. You kill the soldier ant! The snake bites! The soldier ant bites! The soldier ant stings! You see here a soldier ant corpse. The soldier ant bites! The soldier ant misses. (2x) The soldier ant stings! You smite the soldier ant. The soldier ant bites! The soldier ant misses. (2x) The soldier ant just misses! You smite the soldier ant! The soldier ant bites! The soldier ant stings! You die... Final status: Goodbye kill me plz the Barbarian, killed by a soldier ant... You died in The Gnomish Mines on dungeon level 8 with 41692 points, and 1235 pieces of gold, after 5164 moves. You were level 8 with a maximum of 93 hit points when you died.